cohdb
Replays
Latest Replays
All Replays
Popular Replays
Top Player Replays
Match Explorer
How It Works
Community
CoH3 Stats
Reddit
Sign in to upload your games and track your stats! →
Sign in with Steam
Match 38459350
Unlisted
Match 38459350
Overview
Messages
Build Orders
End
Scout Squad
Construct Barracks
Selects Advanced Infantry Battlegroup
Riflemen Squad
Engineer Squad
Riflemen Squad
Infantry Support Center
Selects Artillery Observers
Construct Weapon Support Center
M3 Armored Personnel Carrier
Selects Convert to Ranger Squad
Convert to Ranger Squad
Construct Tank Depot
Artillery Observer Squad
Convert to Ranger Squad
M4A1 Sherman Medium Tank
Selects Designate Assault Position
Selects Frontline Medical Station
Selects Ranger Weapon Training
Munitions Surplus
Engineer Squad
Selects M2A1 105mm Howitzer Emplacement
Selects Infantry Assault
Improved M9 Bazooka Rockets
M4A1 Sherman Medium Tank
rudewoi
FlyingIguana
BigTiddyLebron
kongaroto
0
0
Comments
sign in to comment!
No comments posted yet!